 Dungeon Crawl Stone Soup version 0.27.1-33-g824d729ab1 (webtiles) character file.

Game seed: 6129519808971388524

208473 Labrat the Eclecticist (level 19, -11/152 HPs)
             Began as a Human Hedge Wizard on Dec 29, 2021.
             Was the Champion of Vehumet.
             Hit by a silver javelin thrown by a merfolk javelineer (26 damage)
             ... on level 3 of the Shoals on Dec 31, 2021.
             The game lasted 04:19:59 (53631 turns).

Labrat the Eclecticist (Human Hedge Wizard)        Turns: 53631, Time: 04:19:59

Health: -11/152    AC:  9    Str: 20    XL:     19   Next: 50%
Magic:  20/39      EV: 16    Int: 27    God:    Vehumet [******]
Gold:   2498       SH:  7    Dex: 16    Spells: 5/50 levels left

rFire    . . .     SeeInvis +   I - +10 falchion "Igexeewera" {venom, rF- rCorr Str+3 Int+4}
rCold    + + .     Faith    .   W - +2 buckler {rC+}
rNeg     + . .     Spirit   .   L - +0 steam dragon scales
rPois    +         Reflect  .   b - +0 mask of the Dragon {Will+ Slay+3 SInv}
rElec    .         Harm     .   e - +0 cloak
rCorr    +         Rampage  .   B - +1 pair of gloves "Ugguop" {rPois rC+ Will+}
Will     +++..                  x - +0 pair of boots
Stlth    +.........             H - amulet of magic regeneration
HPRegen  0.35/turn              N - ring of Jiagew {rN+ Str+6 Dex+4 Stlth-}
MPRegen  0.51/turn              J - ring of protection from fire

@: studying Transmutations, very slow
A: no striking features
}: 1/15 runes: serpentine
a: Renounce Religion


You were on level 3 of the Shoals.
You worshipped Vehumet.
Vehumet was exalted by your worship.
You visited 6 branches of the dungeon, and saw 31 of its levels.
You also visited: Ice Cave.

You collected 2880 gold pieces.
You spent 382 gold pieces at shops.

Inventory:

Hand Weapons
 I - the +10 falchion "Igexeewera" (weapon) {venom, rF- rCorr Str+3 Int+4}
   (You found it on level 7 of the Dungeon)

   It poisons the flesh of those it strikes.
   Str:       It affects your strength (+3).
   Int:       It affects your intelligence (+4).
   rF:        It makes you vulnerable to fire.
   rCorr:     It protects you from acid and corrosion.
Missiles
 g - 6 throwing nets
 j - 9 javelins
 s - 7 datura-tipped darts
 P - 10 curare-tipped darts
Armour
 b - the +0 mask of the Dragon (worn) {Will+ Slay+3 SInv}
   (You found it on level 1 of the Shoals)

   Slay:      It affects your accuracy & damage with ranged weapons and melee
   (+3).
   SInv:      It lets you see invisible.
   Will:      It increases your willpower.
 e - a +0 cloak (worn)
 x - a +0 pair of boots (worn)
 B - the +1 pair of gloves "Ugguop" (worn) {rPois rC+ Will+}
   (You found it on level 6 of the Dungeon)

   rC:        It protects you from cold.
   rPois:     It protects you from poison.
   Will:      It increases your willpower.
 L - +0 steam dragon scales (worn)
 W - a +2 buckler of cold resistance (worn)
Jewellery
 m - a ring of protection from cold
 n - a +6 ring of intelligence
 r - a ring of resist corrosion
 G - a ring of see invisible
 H - an amulet of magic regeneration (around neck)
 J - a ring of protection from fire (right hand)
 N - the ring of Jiagew (left hand) {rN+ Str+6 Dex+4 Stlth-}
   (You took it off an orc on level 10 of the Dungeon)

   [ring of positive energy]

   Str:       It affects your strength (+6).
   Dex:       It affects your dexterity (+4).
   rN:        It protects you from negative energy.
   Stlth:     It makes you less stealthy.
 T - a +6 ring of strength
Wands
 c - a wand of polymorph (23)
 f - a wand of flame (54)
 p - a wand of charming (16)
 q - a wand of paralysis (20)
 M - a wand of mindburst (3)
 S - a wand of iceblast (12)
Scrolls
 k - 3 scrolls of fear
 l - 6 scrolls of magic mapping
 t - 2 scrolls of amnesia
 u - 7 scrolls of enchant armour
 y - 11 scrolls of teleportation
 A - 3 scrolls of identify
 Q - a scroll of acquirement
 Y - 2 scrolls of enchant weapon
Potions
 a - 3 potions of heal wounds
 d - 3 potions of resistance
 i - 5 potions of might
 o - 3 potions of flight
 w - 6 potions of brilliance
 z - 6 potions of curing
 C - 4 potions of mutation
 F - a potion of cancellation
 K - 3 potions of invisibility
 V - 2 potions of haste
 X - 2 potions of magic
Miscellaneous
 h - a piece from Xom's chessboard (15/15)
 v - a lightning rod (4/4)
 Z - a condenser vane


   Skills:
 + Level 14.1 Fighting
 - Level 5.4 Long Blades
 - Level 1.0 Polearms
 + Level 1.3 Armour
 - Level 7.6 Dodging
 - Level 2.5 Stealth
 - Level 4.0 Shields
 + Level 16.0 Spellcasting
 + Level 15.0 Conjurations
 - Level 7.0 Summonings
 - Level 3.4 Translocations
 - Level 5.1 Transmutations
 - Level 4.7 Fire Magic
 - Level 2.2 Ice Magic
 - Level 0.1 Air Magic
 - Level 5.0 Earth Magic
 - Level 7.2 Poison Magic
 + Level 10.3 Evocations


You had 5 spell levels left.
You knew the following spells:

 Your Spells              Type           Power      Damage    Failure   Level
a - Orb of Destruction    Conj           40%        9d14      1%          7
b - Blink                 Tloc           N/A        N/A       1%          2
c - Spellforged Servitor  Conj/Summ      34%        N/A       6%          7
d - Freezing Cloud        Conj/Ice/Air   26%        6-21      1%          5
e - Mephitic Cloud        Conj/Pois/Air  58%        N/A       1%          3
f - Fireball              Conj/Fire      33%        3d14      1%          5
g - Iskenderun's Mystic   Conj/Tloc      64%        2d13      1%          4
i - Ignite Poison         Fire/Tmut/Pois 51%        N/A       1%          3
l - Lee's Rapid Deconstr  Erth           24%        3d14*     2%          5
r - Olgreb's Toxic Radia  Pois           57%        N/A       1%          4

Your spell library contained the following spells:

 Spells                   Type           Power      Damage    Failure   Level
 Lehudib's Crystal Spear  Conj/Erth      33%        10d8      50%         8
 Magic Dart               Conj           100%       1d8       0%          1
 Beastly Appendage        Tmut           98%        N/A       1%          1
 Sandblast                Erth           96%        2d20      1%          1
 Call Imp                 Summ           56%        N/A       1%          2
 Passwall                 Tmut/Erth      40%        N/A       1%          2
 Poisonous Vapours        Pois/Air       82%        N/A       1%          2
 Wereblood                Tmut           49%        N/A       1%          2
 Conjure Flame            Conj/Fire      66%        6-21      1%          3
 Spider Form              Tmut/Pois      26%        N/A       1%          3
 Hailstorm                Conj/Ice       62%        3d13      1%          4
 Sticky Flame             Conj/Fire      66%        2d8       1%          4
 Iskenderun's Battlesphe  Conj           80%        2d13      1%          5
 Ozocubu's Armour         Ice            33%        N/A       2%          3
 Corpse Rot               Necr/Air       N/A        N/A       3%          2
 Slow                     Hex            21%        N/A       3%          2
 Sublimation of Blood     Necr           10%        N/A       3%          2
 Portal Projectile        Hex/Tloc       60%        N/A       3%          3
 Ice Form                 Ice/Tmut       41%        N/A       4%          4
 Blade Hands              Tmut           24%        N/A       8%          5
 Summon Forest            Summ/Tloc      24%        N/A       8%          5
 Excruciating Wounds      Necr           10%        N/A       54%         5
 Silence                  Hex/Air        10%        N/A       54%         5
 Conjure Ball Lightning   Conj/Air       29%        3x3d8     4%          6
 Eringya's Noxious Bog    Tmut/Pois      26%        N/A       8%          6
 Summon Hydra             Summ           28%        N/A       73%         7
 Ozocubu's Refrigeration  Ice            16%        4d8       86%         7
 Simulacrum               Ice/Necr       13%        N/A       92%         6
 Ignition                 Fire           23%        3d8       99%         8
 Disjunction              Tloc           20%        N/A       100%        8


Dungeon Overview and Level Annotations

Branches:
Dungeon (15/15)            Temple (1/1) D:4            Lair (6/6) D:10
 Shoals (3/4) Lair:4        Snake (4/4) Lair:4        Slime (0/5) Lair:6
    Orc (2/2) D:12            Elf (0/3) Orc:2        Vaults (0/5) D:13
 Depths (0/5) D:15          IceCv (visited)

Altars:
Ashenzari
Cheibriados
Dithmenos
Elyvilon
Fedhas
Gozag
Hepliaklqana
Kikubaaqudgha
Makhleb
Nemelex Xobeh
Okawaru
Qazlal
Ru
Sif Muna
Trog
Uskayaw
Vehumet
Wu Jian
Xom
Yredelemnul
Zin
The Shining One
Beogh

Shops:
D:4 :   D:6 !   D:8 *   D:9 !   D:15 [   Orc:1 *   Orc:2 =!(([   Snake:3 (
Snake:4 =(!?

Annotations:
Shoals:3 Ilsuiw; Polyphemus
Snake:1 3 runed translucent doors, Ma1vorus's ghost, journeyman MiBe


Message History

Aim: a merfolk impaler, wielding a +0 trident of venom and wearing a +0 leather armour (freezing vapour, almost dead, very poisoned)
The fireball explodes!
The fireball engulfs the merfolk impaler!!
You kill the merfolk impaler!
Vehumet accepts your kill.
You feel your power returning.
You hear a sizzling sound! x4
The fireball engulfs the water elemental!!!
The water elemental is burned terribly!
You destroy the water elemental!
Vehumet accepts your kill.
You feel your power returning.
You hear a sizzling sound! x2; You hear a shout!
A merfolk comes into view. It is wielding a +0 trident.
A water elemental comes into view.
Your merfolk misses the merfolk.
The merfolk hits your merfolk with a +0 trident.
The merfolk javelineer is engulfed in freezing vapours.
The merfolk javelineer throws a silver javelin.
The silver javelin pierces through you!
* * * LOW HITPOINT WARNING * * *
x2 Your Spellcasting skill increases to level 16!
Unknown command.
Unknown command.
Casting: Fireball (mildly dangerous; 1% risk of failure)
Confirm with . or Enter, or press ? or * to list all spells.
Aiming: Lee's Rapid Deconstruction (mildly dangerous; 2% risk of failure)
Press: ? - help, Dir - move target A rock wall.
The wall shatters!
The blast of rock fragments hits the merfolk javelineer!
The merfolk javelineer is almost dead.
The merfolk javelineer looks more healthy.
A merfolk comes into view. It is wielding a +0 trident.
Your merfolk hits the merfolk with a +0 trident!
The merfolk misses your merfolk.
The merfolk javelineer is engulfed in freezing vapours.
The merfolk javelineer throws a silver javelin.
The silver javelin pierces through you!!
You die...

≈≈≈≈..≈≈≈≈...≈.
≈≈≈≈≈≈≈≈≈≈≈....
≈≈≈≈≈≈≈≈≈≈≈≈.##
≈≈≈≈≈≈≈≈≈≈≈≈≈.#
.≈≈≈≈≈≈≈≈≈≈≈≈≈≈≈≈
≈
...≈≈≈≈≈≈≈≈≈≈≈≈≈
≈≈
..m≈≈≈≈≈≈≈≈≈≈≈≈
≈≈
.E)m≈≈≈@≈≈≈≈≈≈≈
≈≈
##..†.≈≈≈≈≈≈≈≈≈
≈≈ ##...≈≈≈≈≈≈≈.>
≈≈ #..)≈≈.≈≈≈≈≈.#
≈≈ ##.<..≈≈≈≈≈?##
≈≈ #§§§≈≈..≈≈.#
≈≈ #○○###m..≈≈.#
≈≈ #m§m ..(≈≈≈..
≈≈ ...†. ≈≈≈


You could see a merfolk javelineer, 3 merfolk, a water elemental and a friendly
merfolk (charmed).

Vanquished Creatures
  Nikola (Shoals:2)
  4 nagarajas
  Louise (Shoals:1)
  An orc warlord (Orc:2)
  A dire elephant (D:15)
  2 ettins (D:14)
  6 merfolk impalers
  A great orb of eyes (D:12)
  A yaktaur captain (D:14)
  4 salamander tyrants (Snake:4)
  10 naga warriors
  Fannar (Lair:2)
  8 anacondas
  7 boulder beetles
  Erolcha (D:9)
  5 hydras
  4 catoblepae
  Erica (D:9)
  6 merfolk aquamancers
  A death knight (D:12)
  3 centaur warriors
  4 two-headed ogres
  16 death yaks
  A tengu warrior (D:13)
  Urug (D:10)
  A deep troll earth mage (D:14)
  11 naga sharpshooters
  4 orc high priests (Orc:2)
  Sonja (Lair:5)
  12 shock serpents
  8 sea snakes
  3 salamander mystics (Snake:4)
  5 naga ritualists
  12 mana vipers
  A necromancer (Lair:6)
  A wizard (D:13)
  2 ugly things
  4 deep elf pyromancers
  2 orc sorcerers
  12 harpies
  5 cyclopes
  8 fauns
  27 salamanders
  15 manticores
  3 oklob plants (Lair:2)
  23 naga magi
  6 guardian serpents
  32 black mambas
  3 ice statues (IceCv)
  4 water nymphs
  3 merfolk sirens (Shoals:2)
  11 elephants
  A gargoyle (D:12)
  An unseen horror (D:11)
  Maggie (D:9)
  An efreet (D:14)
  14 cane toads
  9 komodo dragons
  The ghost of Garessta the Conjurer, a novice DsCj (D:4)
  4 rime drakes
  A tengu conjurer (D:13)
  2 anaconda simulacra (IceCv)
  6 trolls
  3 meliai (D:15)
  17 merfolk
  3 wind drakes
  A hornet (D:9)
  A hornet (shapeshifter) (D:15)
  4 polar bears
  Prince Ribbit (D:5)
  22 blink frogs
  20 slime creatures
  5 snapping turtles
  10 water elementals
  3 shadows
  A vampire (D:11)
  49 yaks
  5 wyverns
  9 basilisks
  A death yak simulacrum (IceCv)
  A steam dragon (D:8)
  2 vampire mosquitoes (D:13)
  Menkaure (D:5)
  An acid dragon (D:14)
  6 wargs
  40 nagas
  18 water moccasins
  A swamp drake (D:12)
  47 orc warriors
  2 sky beasts (D:6)
  2 ice beasts
  15 wolves
  3 ogres
  A necrophage (D:6)
  4 centaurs
  5 boggarts (D:14)
  Blork the orc (D:5)
  7 bullfrogs
  2 kobold brigands
  3 gnoll sergeants
  A scorpion (D:5)
  2 wyvern zombies
  8 wights
  14 killer bees
  3 elephant simulacra (IceCv)
  An electric eel (Snake:2)
  7 howler monkeys
  A bullfrog zombie (D:7)
  4 centaur zombies
  A hound (D:4)
  4 jellies
  Crazy Yiuf (D:3)
  A bullfrog skeleton (D:6)
  21 orc priests
  35 orc wizards
  3 iguanas
  A polar bear simulacrum (Lair:6)
  Natasha (thrice) (D:3)
  5 yak simulacra (Lair:6)
  4 wolf simulacra
  A hound skeleton (D:4)
  5 adders
  17 gnolls
  3 white imps
  2 worms
  4 dart slugs
  129 orcs
  5 bats
  4 endoplasms
  11 hobgoblins
  2 jackals (D:4)
  12 kobolds
  7 quokkas
  7 ball pythons
  4 frilled lizards (D:1)
  8 goblins
  3 rats
  2 river rat simulacra (Lair:6)
  2 butterflies (Lair:2)
1016 creatures vanquished.

Vanquished Creatures (collateral kills)
  A nagaraja (Snake:4)
  Aizul (Snake:3)
  A naga (Snake:4)
  A bullfrog (D:7)
  A wyvern zombie (D:6)
  3 killer bees
  A gnoll shaman (D:4)
  A hound (D:7)
  Ijyb (D:3)
  2 iguanas
  A gnoll (D:5)
14 creatures vanquished.

Vanquished Creatures (others)
  An ugly thing (IceCv)
  A merfolk (Shoals:2)
  A bush (Lair:6)
  36 fungi
  103 plants
142 creatures vanquished.

Grand Total: 1172 creatures vanquished

Notes
Turn   | Place    | Note
-------+----------+-------------------------------------------
     0 | D:1      | Labrat the Human Hedge Wizard began the quest for the Orb.
     0 | D:1      | Reached XP level 1. HP: 13/13 MP: 4/4
   879 | D:2      | Reached XP level 2. HP: 19/19 MP: 1/6
  1531 | D:1      | Reached XP level 3. HP: 24/24 MP: 2/8
  2046 | D:2      | Learned a level 2 spell: Blink
  2049 | D:2      | Learned a level 2 spell: Call Imp
  2188 | D:2      | Noticed a great orb of eyes
  2191 | D:2      | Found a faded altar of an unknown god.
  2193 | D:2      | Noticed an eye of devastation
  2199 | D:2      | Noticed a great orb of eyes
  2203 | D:2      | Noticed an eye of devastation
  2745 | D:2      | Reached XP level 4. HP: 28/30 MP: 6/9
  2998 | D:3      | Noticed Ijyb
  3880 | D:3      | Killed Ijyb
  3881 | D:3      | Reached skill level 4 in Spellcasting
  3881 | D:3      | Reached XP level 5. HP: 27/36 MP: 3/11
  4208 | D:3      | Found a runed translucent door.
  4209 | D:3      | Noticed Crazy Yiuf
  4226 | D:3      | Noticed Natasha
  4461 | D:4      | Found Bipsud's Book Shoppe.
  4570 | D:4      | Reached skill level 1 in Polearms
  4729 | D:4      | Reached XP level 6. HP: 40/42 MP: 1/12
  5239 | D:3      | Killed Natasha
  5240 | D:3      | Reached skill level 1 in Fighting
  5467 | D:3      | Noticed Natasha
  5486 | D:3      | Killed Natasha
  5845 | D:3      | Noticed Natasha
  5857 | D:3      | Killed Natasha
  6747 | D:3      | Reached skill level 5 in Spellcasting
  6747 | D:3      | Reached XP level 7. HP: 4/48 MP: 0/14
  7312 | D:4      | Found a runed translucent door.
  7363 | D:4      | Found a hazy altar of Hepliaklqana.
  7364 | D:4      | Found a shadowy altar of Dithmenos.
  7364 | D:4      | Noticed a shadow
  7517 | D:4      | Found a staircase to the Ecumenical Temple.
  7526 | Temple   | Entered the Ecumenical Temple
  7712 | Temple   | Became a worshipper of Vehumet
  7913 | D:4      | Noticed Garessta's ghost (novice DsCj)
  7985 | D:5      | Entered Level 5 of the Dungeon
  8533 | D:5      | Noticed Prince Ribbit
  8547 | D:5      | Killed Prince Ribbit
  8864 | D:3      | Killed Crazy Yiuf
  9029 | D:5      | Noticed a water moccasin
  9217 | D:5      | Learned a level 3 spell: Mephitic Cloud
  9434 | D:5      | Noticed Menkaure
  9531 | D:5      | Noticed Blork the orc
  9547 | D:5      | Killed Blork the orc
  9548 | D:5      | Reached XP level 8. HP: 23/54 MP: 13/16
 10253 | D:5      | Reached skill level 6 in Spellcasting
 10837 | D:5      | Noticed a yak
 10837 | D:5      | Noticed a yak
 10871 | D:5      | Learned a level 3 spell: Ignite Poison
 10901 | D:5      | Killed a yak
 11033 | D:5      | Killed a yak
 11523 | D:6      | Reached skill level 1 in Poison Magic
 11847 | D:6      | Reached XP level 9. HP: 51/62 MP: 7/19
 12224 | D:6      | Found Suph's Distillery.
 12232 | D:6      | Bought 2 potions of heal wounds for 140 gold pieces
 12232 | D:6      | Bought a potion of mutation for 112 gold pieces
 12383 | D:6      | Reached skill level 7 in Spellcasting
 12768 | D:6      | Identified the +1 pair of gloves "Ugguop" {rPois rC+ Will+}
 13108 | D:6      | Reached skill level 1 in Long Blades
 13122 | D:6      | Reached * piety under Vehumet
 13122 | D:6      | Offered knowledge of Shock by Vehumet.
 13855 | D:7      | Identified the +10 falchion "Igexeewera" {venom, rF- rCorr
                  | Str+3 Int+4}
 14781 | D:5      | Offered knowledge of Foxfire by Vehumet.
 14782 | D:5      | Reached skill level 5 in Conjurations
 14782 | D:5      | Reached XP level 10. HP: 45/70 MP: 21/21
 14954 | D:5      | Killed Menkaure
 14989 | D:5      | Reached ** piety under Vehumet
 14990 | D:5      | Reached skill level 8 in Spellcasting
 15204 | D:8      | Found Yzxetuoha's Mass Market.
 15222 | D:8      | Found a burning altar of Makhleb.
 15332 | D:8      | Reached skill level 1 in Shields
 15439 | D:8      | Reached skill level 5 in Long Blades
 15460 | D:8      | Offered knowledge of Searing Ray by Vehumet.
 16120 | D:8      | Found an opulent altar of Gozag.
 16121 | D:8      | Found a sparkling altar of Nemelex Xobeh.
 16121 | D:8      | Found a shimmering blue altar of Sif Muna.
 16456 | D:9      | Noticed a manticore
 16596 | D:9      | Killed a manticore
 16597 | D:9      | Reached skill level 1 in Transmutations
 16892 | D:9      | Reached skill level 5 in Dodging
 16946 | D:9      | Found Ylinutwy's Distillery.
 16998 | D:9      | Reached *** piety under Vehumet
 17129 | D:9      | Noticed Erolcha
 17136 | D:9      | Killed Erolcha
 17137 | D:9      | Reached skill level 1 in Fire Magic
 17137 | D:9      | Reached XP level 11. HP: 78/78 MP: 19/23
 17320 | D:9      | Noticed Maggie
 17337 | D:9      | Killed Maggie
 17338 | D:9      | Reached skill level 5 in Fighting
 17338 | D:9      | Reached skill level 9 in Spellcasting
 17629 | D:9      | You fall into a shaft and drop 2 floors!
 17880 | D:11     | Offered knowledge of Hailstorm by Vehumet.
 17987 | D:10     | Entered Level 10 of the Dungeon
 18148 | D:10     | Noticed Urug
 18406 | D:9      | Noticed Erica
 18479 | D:9      | Noticed a centaur warrior
 18487 | D:9      | Killed a centaur warrior
 18513 | D:9      | Killed Erica
 18689 | D:10     | Noticed a two-headed ogre
 19044 | D:10     | Killed a two-headed ogre
 19050 | D:10     | Killed Urug
 19552 | D:10     | Identified the +1 scale mail of Classification {Dex+6
                  | Slay-6}
 19552 | D:10     | Identified the ring of Jiagew {rN+ Str+6 Dex+4 Stlth-}
 19552 | D:10     | Noticed a two-headed ogre
 19561 | D:10     | Killed a two-headed ogre
 19562 | D:10     | Reached skill level 10 in Spellcasting
 19562 | D:10     | Reached XP level 12. HP: 87/87 MP: 22/26
 19674 | D:10     | Found a staircase to the Lair.
 19766 | D:11     | Reached skill level 5 in Poison Magic
 19767 | D:11     | Reached **** piety under Vehumet
 19785 | D:11     | Offered knowledge of Fulminant Prism by Vehumet.
 20220 | D:11     | Noticed a boulder beetle
 20241 | D:11     | Killed a boulder beetle
 20595 | D:12     | Noticed a great orb of eyes
 20716 | D:12     | Paralysed by a great orb of eyes for 4 turns
 20781 | Lair:1   | Entered Level 1 of the Lair of Beasts
 20810 | D:10     | Learned a level 5 spell: Freezing Cloud
 21863 | Lair:2   | Noticed Fannar
 21884 | Lair:2   | Reached ***** piety under Vehumet
 21886 | Lair:2   | Killed Fannar
 21886 | Lair:2   | Offered knowledge of Fireball by Vehumet.
 21890 | Lair:2   | Reached skill level 11 in Spellcasting
 21890 | Lair:2   | Reached XP level 13. HP: 89/95 MP: 21/28
 21897 | Lair:2   | Learned a level 5 spell: Fireball
 21904 | Lair:2   | Reached skill level 1 in Ice Magic
 22322 | Lair:2   | Learned a level 2 spell: Poisonous Vapours
 22327 | Lair:2   | Learned a level 4 spell: Olgreb's Toxic Radiance
 23057 | Lair:2   | Identified the +4 hunting sling "Beast's Demise" {freeze,
                  | rElec rC- MP+9 Dex+5 Stlth+}
 23140 | Lair:3   | Noticed a six-headed hydra
 23146 | Lair:3   | Killed a six-headed hydra
 23497 | Lair:3   | Noticed a seven-headed hydra
 23507 | Lair:3   | Killed a seven-headed hydra
 23649 | Lair:3   | Found a hide-covered altar of Uskayaw.
 23649 | Lair:3   | Found an ornate altar of the Wu Jian Council.
 23649 | Lair:3   | Noticed a boulder beetle
 23655 | Lair:3   | Killed a boulder beetle
 23656 | Lair:3   | Reached skill level 5 in Transmutations
 24184 | Lair:4   | Found a frozen archway.
 24236 | IceCv    | Entered an ice cave
 24429 | IceCv    | Reached skill level 12 in Spellcasting
 24628 | IceCv    | Reached XP level 14. HP: 103/103 MP: 3/30
 24862 | IceCv    | Got Sif Muna's Volume of Translocation
 25378 | Lair:4   | Found a staircase to the Shoals.
 26004 | Lair:4   | Found a staircase to the Snake Pit.
 26018 | Lair:4   | Reached skill level 10 in Conjurations
 26399 | Lair:5   | Noticed Sonja
 27226 | Lair:5   | Killed Sonja
 27356 | Lair:5   | Learned a level 4 spell: Iskenderun's Mystic Blast
 27360 | Lair:6   | Entered Level 6 of the Lair of Beasts
 27541 | Lair:6   | Offered knowledge of Spellforged Servitor by Vehumet.
 27568 | Lair:6   | Learned a level 7 spell: Spellforged Servitor
 27839 | Lair:6   | Reached skill level 13 in Spellcasting
 27915 | Lair:6   | Reached XP level 15. HP: 74/114 MP: 32/32
 28067 | Lair:6   | Reached skill level 5 in Summonings
 28382 | Lair:6   | Found a staircase to the Slime Pits.
 29491 | Lair:6   | Reached skill level 10 in Fighting
 30127 | D:12     | You fall into a shaft and drop 1 floor!
 30902 | D:12     | Got the Disquisition on Feathery Moulding
 31223 | D:12     | Reached skill level 1 in Evocations
 31229 | D:12     | Offered knowledge of Conjure Ball Lightning by Vehumet.
 31235 | D:12     | Found a staircase to the Orcish Mines.
 31353 | D:12     | Identified a scroll of acquirement
 31677 | D:12     | Found a shadowy altar of Dithmenos.
 31964 | D:4      | Killed Garessta's ghost
 32200 | Orc:1    | Entered Level 1 of the Orcish Mines
 32212 | Orc:1    | Found Ovoid's General Store.
 32527 | Orc:2    | Entered Level 2 of the Orcish Mines
 32839 | Orc:2    | Found a staircase to the Elven Halls.
 32840 | Orc:2    | Reached XP level 16. HP: 111/124 MP: 31/33
 33031 | Orc:2    | Found Ryobotz's Antique Weapon Shoppe.
 33131 | Orc:2    | Found Anautiwusm's Distillery.
 33307 | Orc:2    | Bought a potion of haste for 130 gold pieces
 33495 | Orc:2    | Found Omoxoc's Jewellery Emporium.
 33590 | Orc:2    | Offered knowledge of Irradiate by Vehumet.
 33805 | Orc:2    | Found Qejar's Antique Weapon Boutique.
 33807 | Orc:2    | Found Buohumaf's Antique Armour Shop.
 34386 | D:13     | Found a gate to the Vaults.
 34953 | D:14     | Reached skill level 14 in Spellcasting
 35725 | D:14     | Found the ring of Shadows {Umbra +Inv Stlth+}
 35884 | D:14     | Found an ornate altar of the Wu Jian Council.
 35948 | D:15     | Entered Level 15 of the Dungeon
 36625 | D:15     | Found Vaalelanu's Antique Armour Shop.
 36685 | D:15     | Reached skill level 5 in Evocations
 36709 | D:15     | Found a staircase to the Depths.
 37359 | Snake:1  | Entered Level 1 of the Snake Pit
 37416 | Lair:4   | HP: 6/127 [shock serpent/electric aura (10)]
 37809 | Snake:1  | Learned a level 5 spell: Lee's Rapid Deconstruction
 38018 | Snake:1  | Found a runed translucent gate.
 38019 | Snake:1  | Found a runed translucent gate.
 38020 | Snake:1  | Found a runed translucent gate.
 38022 | Snake:1  | Noticed Ma1vorus's ghost (journeyman MiBe)
 38189 | Snake:1  | Offered knowledge of Lightning Bolt by Vehumet.
 38195 | Snake:1  | Identified the +5 falchion "Wiricko" {protect, rF+ rC+
                  | Str-2}
 39104 | Snake:1  | Reached XP level 17. HP: 44/133 MP: 35/35
 39845 | Snake:2  | Reached skill level 1 in Earth Magic
 40563 | Snake:2  | Learned a level 7 spell: Orb of Destruction
 42804 | Snake:3  | Noticed Aizul
 43726 | Snake:3  | Offered knowledge of Bolt of Magma by Vehumet.
 44706 | Snake:3  | Killed Aizul
 44707 | Snake:3  | Reached skill level 15 in Spellcasting
 45138 | Snake:3  | Reached XP level 18. HP: 122/142 MP: 30/37
 45198 | Snake:3  | Found Betsivum's Antique Weapon Emporium.
 45373 | Snake:4  | Entered Level 4 of the Snake Pit
 45390 | Snake:4  | Reached skill level 5 in Earth Magic
 45739 | Snake:4  | Found Xaxidukk's Antique Weapon Shop.
 45744 | Snake:4  | Found Tukou's Magic Scroll Boutique.
 45744 | Snake:4  | Found Marug's Jewellery Shop.
 45812 | Snake:4  | Found Rur Nipp's Distillery.
 47526 | Snake:4  | Offered knowledge of Lehudib's Crystal Spear by Vehumet.
 49898 | Snake:4  | Got a serpentine rune of Zot
 50693 | Shoals:1 | Entered Level 1 of the Shoals
 50731 | Shoals:1 | Found the +0 mask of the Dragon {Will+ Slay+3 SInv}
 51439 | Shoals:1 | Noticed Louise
 51451 | Shoals:1 | Killed Louise
 51626 | Shoals:2 | Reached XP level 19. HP: 88/151 MP: 31/38
 52105 | Shoals:2 | Noticed Nikola
 52328 | Shoals:2 | Killed Nikola
 52368 | Shoals:1 | Reached skill level 10 in Evocations
 53312 | Shoals:3 | Noticed Polyphemus
 53312 | Shoals:3 | Noticed Ilsuiw
 53319 | Shoals:2 | Reached skill level 15 in Conjurations
 53622 | Shoals:3 | Reached ****** piety under Vehumet
 53623 | Shoals:3 | Reached skill level 1 in Armour
 53631 | Shoals:3 | Reached skill level 16 in Spellcasting
 53631 | Shoals:3 | Hit by a silver javelin thrown by a merfolk javelineer

Illustrated notes

Levels and vault maps discovered:
D:1:      lightli_arrival_chessboard, layout_loops_ring, minmay_tetromino_i2
D:2:      wander_river, layout_basic, hellmonk_ecumenical_altar_watching_god
D:3:      layout_rooms, uniq_ijyb, uniq_crazy_yiuf_cottage, uniq_natasha
D:4:      layout_cave_pools, riverfiend_overflow_shadow_ancestor,
          minmay_temple_entry_poolview, serial_shops, shop,
          ebering_ghost_reflecting_pool, hangedman_decor_opposing,
          grunt_decor_mini_mirrors, minmay_misc_feat_tower
D:5:      layout_basic, minmay_manual_mullet, uniq_blork_the_orc,
          uniq_prince_ribbit1, uniq_menkaure
D:6:      layout_loops_ring, serial_shops, shop
D:7:      layout_loops_cross
D:8:      layout_basic, mainiacjoe_overflow_alcove_3, minmay_shop_mass,
          grunt_ministairs_9
D:9:      layout_grid_maze, serial_shops, nicolae_shop_window_shopping,
          uniq_maggie, uniq_erolcha, uniq_erica
D:10:     layout_stronghold, lair_entry_dummy, uniq_urug
D:11:     layout_long_grid, special_room [special_room_orc]
D:12:     minmay_cut_squares, layout_long_grid, erik_orc_1,
          grunt_dithmenos_shadows
D:13:     layout_cave_pools, david_vaults_1, minmay_misc_feat_encased
D:14:     layout_roguey, nicolae_wu_jian_immortal_techniques,
          minmay_diamond_spiral
D:15:     hangedman_depths_entry_try_elsewhere_first, layout_small_grid,
          serial_shops, shop, minmay_misc_feat_ornament
Temple:   eino_temple_rhombus
Lair:1:   layout_big_grid, chequers_serial_rivers_micro_d
Lair:2:   layout_loops_ring, lemuel_fruit_fields, grunt_megastairs_1,
          serial_bayou_shore_b, minmay_lair_oklob_chamber, uniq_fannar
Lair:3:   layout_misc_corridors, nzn_masters_of_martial_movement,
          infiniplex_staircase_pool_2, serial_bayou_shore_b
Lair:4:   layout_regular_city, minmay_shoals_entry_beasts,
          guppyfry_snake_entry_garden, portal_ice_cave_rime, lemuel_fruit_tree,
          lemuel_fruit_fields
Lair:5:   layout_hall_layers, uniq_sonja
Lair:6:   evilmike_catoblepas_cave, layout_layer_cave,
          minmay_slime_entry_pillars, eino_house_with_fridge
Shoals:1: layout_shoals, uniq_louise
Shoals:2: layout_shoals, nicolae_shoals_aquamancer_cove, uniq_nikola
Shoals:3: layout_shoals, nicolae_shoals_nautilus_by_nature, uniq_kirke,
          uniq_polyphemus, uniq_ilsuiw
Snake:1:  cheibrodos_forgotten_conduit, layout_rooms, gammafunk_ghost_necromancy
Snake:2:  layout_grid_maze, st_stairs_4, serial_bayou_shore_b,
          serial_bayou_shore_a
Snake:3:  layout_gridlike, serial_shops, nicolae_shop_overgrown_old_shop,
          uniq_aizul
Snake:4:  grunt_snake_rune_pools, layout_basic, minmay_shoptagon
Orc:1:    layout_caves, serial_shops, shop
Orc:2:    grunt_orc_community_town_hall, layout_caves,
          grunt_orc_community_big_house_1, grunt_orc_community_big_house_1,
          grunt_orc_community_house_2, grunt_orc_community_house_3,
          grunt_orc_community_house_2, grunt_orc_community_house_2,
          serial_shops, shop

Skill      XL: |  1  2  3  4  5  6  7  8  9 10 11 12 13 14 15 16 17 18 19 |
---------------+----------------------------------------------------------+-----
Conjurations   | 2 3 4 5 6 7 8 9 10 12 13 14 15 | 15.0
Spellcasting   | 4 5 6 7 8 10 11 12 13 14 15 16 | 16.0
Polearms       | 1 |  1.0
Fighting       | 1 2 3 4 5 6 7 9 10 11 12 13 14 | 14.1
Dodging        | 3 4 5 6 7 |  7.6
Summonings     | 2 3 4 7 |  7.0
Translocations | 2 3 |  3.4
Poison Magic   | 1 3 4 6 7 |  7.2
Long Blades    | 3 5 |  5.4
Shields        | 2 4 |  4.0
Transmutations | 1 3 4 5 |  5.1
Fire Magic     | 1 2 4 |  4.7
Ice Magic      | 2 |  2.2
Evocations     | 2 5 7 9 10 | 10.3
Earth Magic    | 4 5 |  5.0
Armour         | 1 |  1.3
Stealth        | |  2.5
Air Magic      | |  0.1

Action                   |  1- 3 |  4- 6 |  7- 9 | 10-12 | 13-15 | 16-18 | 19-21 || total
-------------------------+-------+-------+-------+-------+-------+-------+-------++-------
Melee: Dagger            |    43 |     7 |       |       |       |       |       ||    50
       Spear             |       |    42 |   165 |       |       |       |       ||   207
       Falchion          |       |       |    87 |   291 |   431 |   400 |    15 ||  1224
       Short sword       |       |       |    22 |       |       |       |       ||    22
Throw: Javelin           |       |       |     1 |     1 |     8 |     2 |       ||    12
       Dart              |       |       |       |    32 |     6 |       |     3 ||    41
 Cast: Magic Dart        |    96 |   148 |   149 |   108 |     3 |       |       ||   504
       Blink             |       |    10 |    13 |     4 |     7 |     4 |     1 ||    39
       Call Imp          |       |     8 |    27 |     1 |       |       |       ||    36
       Mephitic Cloud    |       |       |    26 |    64 |    46 |    18 |     9 ||   163
       Ignite Poison     |       |       |     1 |    21 |    55 |    31 |    13 ||   121
       Freezing Cloud    |       |       |       |     8 |    23 |   113 |     3 ||   147
       Fireball          |       |       |       |       |    51 |    59 |    17 ||   127
       Poisonous Vapours |       |       |       |       |    20 |    26 |       ||    46
       Olgreb's Toxic Ra |       |       |       |       |    62 |    32 |    14 ||   108
       Iskenderun's Myst |       |       |       |       |       |    43 |     9 ||    52
       Orb of Destructio |       |       |       |       |       |    45 |    28 ||    73
       Lee's Rapid Decon |       |       |       |       |       |    40 |     2 ||    42
       Spellforged Servi |       |       |       |       |       |     3 |       ||     3
Evoke: Wand              |       |     1 |     2 |     4 |     2 |     2 |     3 ||    14
       Lightning rod     |       |       |       |       |       |     4 |       ||     4
  Use: Potion            |       |     2 |     1 |       |       |     2 |       ||     5
       Scroll            |       |     1 |     8 |     1 |    13 |     7 |       ||    30
 Stab: Sleeping          |     1 |     1 |     2 |     1 |       |     1 |       ||     6
       Distracted        |       |     1 |       |       |       |     1 |       ||     2
       Confused          |       |       |    11 |    11 |    12 |       |     1 ||    35
       Paralysed         |       |       |       |       |     9 |       |       ||     9
Armor: Robe              |    10 |    23 |    49 |    26 |       |       |       ||   108
       Steam dragon scal |       |       |       |    44 |    95 |    94 |     5 ||   238
Dodge: Dodged            |    47 |    57 |   166 |   133 |   205 |   285 |    26 ||   919
Block: Other             |       |       |    10 |    58 |     7 |       |       ||    75
       Reflection        |       |       |       |     1 |     8 |       |       ||     9
       Buckler           |       |       |       |       |   216 |   179 |    15 ||   410
       Rpst.: Falchion   |       |       |    10 |    31 |    67 |    65 |     3 ||   176
